Map: Ulrena

Players

Wellmet - Winner!

  • Race: Terran Terran
  • League: Platinum

jack

  • Race: Terran Terran
  • League: Gold

VOD

Have the link to the VOD?

Description

Time

  • Played on: Nov. 11, 2015, 9:24 p.m.
  • Length: 6:48
Show
View Real Time Build Order
Export as new Build Order

Wellmet Terran - Winner!

Build Orders: Reaper Expand, Banshee Rush 

Get SALT Encoding   

  12  0:01  SCV  
  13  0:13  SCV  
  14  0:17  Supply Depot  
  14  0:25  SCV  
  15  0:39  SCV  
  15  0:41  Barracks  
  16  0:48  Refinery  
  16  0:51  SCV  
  17  1:03  SCV  
  18  1:15  SCV  
  19  1:29  Orbital Command  
  19  1:30  Reaper  
  20  1:44  Command Center  
  20  1:56  SCV  
  21  2:04  Supply Depot  
  21  2:05  Barracks Reactor  
  20  2:09  SCV  
  21  2:22  SCV  
  22  2:28  Factory  
  22  2:34  SCV  
  23  2:37  Refinery  
  23  2:42  Marine x2  
  25  2:47  SCV  
  26  2:58  Orbital Command  
  26  3:01  SCV  
  27  3:08  Marine x2  
  29  3:13  Factory Tech Lab, Starport  
  29  3:16  SCV  
  30  3:32  SCV  
  31  3:35  SCV, Marine x2  
  33  3:49  SCV  
  33  3:55  Marine x2  
  34  3:57  SCV, Cloaking Field  
  34  3:59  Banshee  
  34  4:01  SCV  
  34  4:02  Command Center  
  38  4:05  Factory Tech Lab  
  38  4:09  SCV  
  38  4:13  SCV  
  38  4:14  Marine x2  
  39  4:25  SCV x2  
  39  4:26  Siege Tank  
  39  4:29  Supply Depot  
  44  4:38  Marine x2  
  46  4:51  Banshee, SCV  
  50  4:55  SCV, Supply Depot  
  50  4:58  Marine x2  
  53  5:02  Barracks  
  53  5:05  SCV  
  53  5:06  Barracks  
  57  5:14  Siege Tank  
  57  5:16  SCV  
  57  5:20  Orbital Command  
  58  5:22  Engineering Bay  
  58  5:24  Marine x2  
  60  5:29  SCV  
  60  5:33  Raven  
  63  5:37  Refinery  
  63  5:38  SCV  
  63  5:41  SCV, Barracks  
  65  5:43  Barracks  
  65  5:44  Marine x2  
  65  5:45  Supply Depot  
  65  5:46  Supply Depot  
  67  5:50  SCV  
  68  6:04  Marine x2  
  68  6:05  Barracks Tech Lab x2  
  68  6:09  SCV  
  71  6:14  SCV  
  72  6:19  Orbital Command  
  72  6:24  Starport Reactor  
  72  6:28  SCV x2  
  72  6:30  Barracks Reactor  
  72  6:31  Barracks Reactor  
  72  6:32  Refinery  
Show
View Real Time Build Order
Export as new Build Order

jack Terran 

Build Orders:  

Get SALT Encoding   

  12  0:01  SCV  
  13  0:13  SCV  
  14  0:18  Supply Depot  
  14  0:25  SCV  
  15  0:39  SCV  
  15  0:41  Barracks  
  16  0:52  SCV  
  16  0:55  Refinery  
  17  1:04  SCV  
  18  1:16  SCV  
  19  1:28  Orbital Command  
  19  1:29  Supply Depot, Marine  
  20  1:47  Reaper  
  20  1:53  Refinery  
  21  1:55  SCV  
  22  2:02  Command Center  
  22  2:07  SCV  
  23  2:19  SCV, Reaper  
  23  2:22  Barracks  
  24  2:31  SCV  
  25  2:42  Barracks  
  25  2:43  SCV  
  24  2:51  Reaper  
  24  2:56  SCV  
  26  3:08  SCV  
  27  3:15  Barracks  
  27  3:19  Barracks Tech Lab  
  27  3:20  SCV  
  27  3:23  Reaper  
  29  3:32  SCV  
  30  3:36  Barracks Tech Lab  
  30  3:55  SCV, Marine  
  29  3:58  Stimpack  
  29  4:02  Supply Depot x2  
  31  4:03  Barracks Reactor, Factory  
  31  4:05  Marauder x2  
  31  4:08  SCV  
  35  4:26  Marine  
  35  4:27  Marauder x2  
  40  4:41  Engineering Bay  
  40  4:44  Marine  
  41  4:48  Marauder  
  41  4:50  Orbital Command  
  43  4:52  SCV  
  43  5:01  Marine  
  43  5:03  Starport  
  43  5:05  SCV  
  44  5:07  Barracks Reactor  
  44  5:08  Missile Turret  
  42  5:20  SCV x2  
  40  5:22  Marine x3  
  42  5:28  Missile Turret  
  41  5:39  Marine  
  41  5:40  Marine  
  43  5:44  Marine  
  40  5:51  Missile Turret  
  40  5:54  Marine x2  
  42  5:57  Marine x2  
  42  6:01  Marine  
  45  6:12  Marine x2  
  45  6:15  Marine x2  
  48  6:19  Marine  
  48  6:31  SCV x2, Refinery  
Tags
 
Add a new tag
Caveats
  • Supply blocks, unpowered buildings, or Contaminate may cause inaccurate times.
  • Supply counts are checked every 10 seconds.